 Dungeon Crawl Stone Soup version 0.29-a0-96-g93358da72b (webtiles) character file.

Game seed: 18438233025135197989

81 Sweetruy1997 the Skirmisher (level 4, 0/37 HPs)
             Began as a Demonspawn Chaos Knight on Feb 12, 2022.
             Was a Plaything of Xom.
             Slain by a worm (3 damage)
             ... on level 2 of the Dungeon.
             The game lasted 00:03:24 (816 turns).

Sweetruy1997 the Skirmisher (DsCK)                   Turns: 816, Time: 00:03:24

Health: 0/37       AC:  5    Str: 12    XL:     4   Next: 20%
Magic:  4/4        EV: 11    Int: 14    God:    Xom [..*...]
Gold:   38         SH:  0    Dex: 14    Spells: 3/3 levels left

rFire   . . .      SeeInvis .   a - +0 hand axe (chaos)
rCold   + . .      Faith    .   (no shield)
rNeg    . . .      Spirit   .   b - +2 leather armour
rPois   .          Reflect  .   (no helmet)
rElec   .          Harm     .   (no cloak)
rCorr   .          Rampage  .   (no gloves)
Will    .....                   (no boots)
Stlth   +.........              (no amulet)
HPRegen 0.12/turn               h - ring of protection from cold
MPRegen 0.09/turn               (no ring)

@: no status effects
A: powered by death 2, weakness stinger 1
a: Renounce Religion


You were on level 2 of the Dungeon.
You worshipped Xom.
You were a toy of Xom.
You visited 1 branch of the dungeon, and saw 2 of its levels.

You collected 38 gold pieces.

Inventory:

Hand Weapons
 a - a +0 hand axe of chaos (weapon)
Armour
 b - a +2 leather armour (worn)
Jewellery
 h - a ring of protection from cold (left hand)
Potions
 e - a potion of heal wounds {unknown}


   Skills:
 + Level 3.8 Fighting
 + Level 3.4 Axes
 + Level 1.4 Throwing
 - Level 2.0 Armour
 - Level 1.0 Dodging


You had 3 spell levels left.
You didn't know any spells.
Your spell library was empty.

Dungeon Overview and Level Annotations

Branches:
Dungeon (2/15)

Altars:


Innate Abilities, Weirdness & Mutations

You regenerate health from kills.
You have a small tail.


Message History

The gnoll is almost dead.
You kill the gnoll!
You hit the gnoll.
The gnoll suddenly seems more agile.
Xom thinks this is hilarious!
The gnoll is moderately wounded.
The gnoll closely misses you.
You closely miss the gnoll.
You tail-slap the gnoll, but do no damage.
The gnoll is moderately wounded.
The gnoll hits you with a +0 flail! x2
* * * LOW HITPOINT WARNING * * *
A shower of butterflies erupts from you!
You closely miss the gnoll.
The gnoll is moderately wounded.
The gnoll hits you with a +0 flail.
* * * LOW HITPOINT WARNING * * *
Unknown command.
You are confused.
You feel invigorated. The gnoll hits you with a +0 flail.
* * * LOW HITPOINT WARNING * * *
You hit the worm.
The worm is poisoned.
The worm is lightly wounded.
You barely miss the gnoll. The gnoll misses you.
You bump into the rock wall.
The worm barely misses you. The gnoll closely misses you.
You bump into the rock wall.
You feel less invigorated.
You feel less confused. The gnoll hits you with a +0 flail.
* * * LOW HITPOINT WARNING * * *
The worm bites you!
* * * LOW HITPOINT WARNING * * *
Unknown command.
As you read the scroll labelled JAIQUD TEIPSOS, it crumbles to dust.
You speak a Word of immense power!
You are blasted by holy energy!
* * * LOW HITPOINT WARNING * * *
It was a scroll of holy word.
The gnoll closely misses you.
As you read the scroll labelled FIOHELIHUX, it crumbles to dust.
The scroll dissolves into smoke.
It was a scroll of fog.
The gnoll closely misses you. The worm bites you.
You die...

#.# #.. ..# #######.# #.#
..### ......#.# #.# ..((
#####.#.# #.# .)####(
##.#.# #.# ##b...... ..
###....#####.####b#..#
##.#
#.............§§§###<.
..#.#
#.#...####.####g#.#..#
#... #.##### #.# #@##.#.#
#..# # #.# #w##.#.# #..#
#.# #§##.#.###..# #.#
#.##........# ##.##
#.####......# #...# #.#
#....)..######
#...####.#.###.#
#.####........
#............#.###.##
#.#######
#..#.#.#.#.#.#.##...###.#


You could see a worm (very poisoned) and a gnoll (agile).

Vanquished Creatures
  Jessica (D:2)
  3 gnolls (D:2)
  An orc (D:2)
  A ball python (D:2)
  A bat (D:1)
  3 endoplasms
  4 giant cockroaches
  A goblin (D:2)
  4 hobgoblins
  A kobold (D:1)
  A frilled lizard (D:2)
  4 rats (D:1)
25 creatures vanquished.

Notes
Turn   | Place    | Note
-------+----------+-------------------------------------------
     0 | D:1      | Sweetruy1997 the Demonspawn Chaos Knight began the quest
                  | for the Orb.
     0 | D:1      | Reached XP level 1. HP: 18/18 MP: 1/1
    52 | D:1      | XOM: divination: magic mapping
   255 | D:1      | Gained mutation: You regenerate a little health from kills.
                  | [demonic ancestry]
   255 | D:1      | Reached XP level 2. HP: 24/24 MP: 2/2
   268 | D:1      | Found a faded altar of an unknown god.
   617 | D:2      | Noticed Jessica
   617 | D:2      | XOM: potion effect (brilliance)
   627 | D:2      | Killed Jessica
   628 | D:2      | Reached skill level 1 in Throwing
   628 | D:2      | Gained mutation: You have a small tail. [demonic ancestry]
   628 | D:2      | Reached XP level 3. HP: 27/29 MP: 3/3
   691 | D:2      | Reached skill level 1 in Dodging
   743 | D:2      | XOM: silly message
   787 | D:2      | XOM: silly message
   796 | D:2      | Gained mutation: You regenerate health from kills. [demonic
                  | ancestry]
   796 | D:2      | Reached XP level 4. HP: 28/37 MP: 4/4
   809 | D:2      | XOM: butterfly on damage
   816 | D:2      | Slain by a worm

Illustrated notes

Levels and vault maps discovered:
D:1:      dpeg_arrival_connections, layout_basic,
          hellmonk_ecumenical_altar_leap_of_faith
D:2:      layout_loops_ring, minmay_misc_feat_pillars, uniq_jessica

Skill      XL: |  1  2  3 |
---------------+----------+-----
Axes           | 3 |  3.4
Throwing       | 1 |  1.4
Armour         | 2 |  2.0
Dodging        | 1 |  1.0
Fighting       | |  3.8

Action                   |  1- 3 |  4- 6 || total
-------------------------+-------+-------++-------
Melee: Hand axe          |    24 |    10 ||    34
       Tailslap          |     2 |     1 ||     3
Throw: Javelin           |    35 |       ||    35
  Use: Scroll            |       |     3 ||     3
       Potion            |       |     2 ||     2
Armor: Leather armour    |     8 |       ||     8
Dodge: Dodged            |    11 |    10 ||    21

Table legend: (Time is in decaauts)
 A = Elapsed time spent in this place.
 B = Non-inter-level travel time spent in this place.
 C = Inter-level travel time spent in this place.
 D = Time resting spent in this place.
 E = Time spent auto-exploring this place.
 F = Levels seen in this place.
 G = Mean time per level.
                   A        B        C        D        E       F      G
               +--------+--------+--------+--------+--------+-----+--------+
         Total |    836 |    816 |     20 |      0 |    666 |   2 |  418.0 |
       Dungeon |    836 |    816 |     20 |      0 |    666 |   2 |  418.0 |
               +--------+--------+--------+--------+--------+-----+--------+

Top non-repeatable levels by time:
     D:1: 530 daAuts
     D:2: 306 daAuts
